 Dungeon Crawl Stone Soup version 0.28.0-49-g6dfe1f597d (webtiles) character file.

Game seed: 7773583251426301111

393 Exodus22XD the Covered (level 6, -8/55 HPs)
             Began as a Minotaur Fighter on May 20, 2022.
             Was an Initiate of Okawaru.
             Mangled by a fire elemental (11 damage)
             ... created by the fiery vengeance of Ignis
             ... on level 3 of the Dungeon.
             The game lasted 00:03:05 (2627 turns).

Exodus22XD the Covered (Minotaur Fighter)           Turns: 2627, Time: 00:03:06

Health: -8/55      AC: 10    Str: 23    XL:     6   Next: 51%
Magic:  5/5        EV:  9    Int:  5    God:    Okawaru [......]
Gold:   180        SH:  4    Dex:  9    Spells: 5/5 levels left

rFire   . . .      SeeInvis .   a - +0 war axe
rCold   . . .      Faith    .   c - +0 buckler
rNeg    . . .      Spirit   .   b - +0 scale mail
rPois   .          Reflect  .   (helmet restricted)
rElec   .          Harm     .   i - +0 cloak
rCorr   .          Rampage  .   g - +0 pair of gloves
Will    .....                   (no boots)
Stlth   ..........              (no amulet)
HPRegen 0.18/turn               (no ring)
MPRegen 0.09/turn               (no ring)

@: mighty, fire susceptible
A: horns 2, retaliatory headbutt
a: Renounce Religion


You were on level 3 of the Dungeon.
You worshipped Okawaru.
Okawaru was noncommittal.
You visited 1 branch of the dungeon, and saw 4 of its levels.

You collected 180 gold pieces.

Inventory:

Hand Weapons
 a - a +0 war axe (weapon)
Armour
 b - a +0 scale mail (worn)
 c - a +0 buckler (worn)
 g - a +0 pair of gloves (worn)
 i - a +0 cloak (worn)
Jewellery
 l - a ring of fire
Scrolls
 e - 3 scrolls of identify {unknown}
 h - a scroll of teleportation {unknown}
 j - a scroll of summoning {unknown}
 m - a scroll of enchant weapon {unknown}
Potions
 d - a potion of might
 f - 3 potions of heal wounds {unknown}
 k - a potion of attraction {unknown}


   Skills:
 + Level 4.9 Fighting
 + Level 5.4 Axes
 + Level 5.7 Armour
 + Level 4.7 Shields
 * Level 0.6 Invocations


You had 5 spell levels left.
You didn't know any spells.
Your spell library was empty.

Dungeon Overview and Level Annotations

Branches:
Dungeon (4/15)
 Temple: D:4-7

Altars:
Cheibriados
Fedhas
Okawaru
Trog
Ignis


Innate Abilities, Weirdness & Mutations

You have a pair of horns on your head.
You reflexively headbutt those who attack you in melee.


Message History

"These will know how to inflict the punishment due to you!" 2 fire elementals come into view.
You barely miss the fire elemental.
There are monsters nearby!
You barely miss the fire elemental.
Your headbutt misses the fire elemental.
You block the fire elemental's attack.
There are monsters nearby!
Okay, then.
Okay, then.
The fire elemental hits you. The fire elemental burns you!
Found a scroll labelled WICETZ AKHOR.
The fire elemental closely misses you. You furiously retaliate!
You headbutt the fire elemental, but do no damage.
There is a stone staircase leading up here.
The fire elemental barely misses you. You furiously retaliate!
You headbutt the fire elemental.
You climb upwards.
There is a stone staircase leading down here.
The fire elemental completely misses you.
The fire elemental barely misses you.
There is an open door here.
You closely miss the fire elemental.
The fire elemental is lightly damaged.
The fire elemental closely misses you. You furiously retaliate!
You headbutt the fire elemental. The fire elemental hits you.
The fire elemental burns you!
Okay, then.
The fire elemental closely misses you. The fire elemental hits you.
The fire elemental burns you!
Okay, then.
You feel very mighty all of a sudden. The fire elemental hits you.
The fire elemental burns you!
* * * LOW HITPOINT WARNING * * *
The fire elemental hits you. The fire elemental burns you!
* * * LOW HITPOINT WARNING * * *
You barely miss the fire elemental.
The fire elemental is lightly damaged.
The fire elemental hits you. The fire elemental burns you!
You die...

....### #.....# #.....# ....#
#.....# #.....# ....### #.....#
#.....# .##...#####.....# #.....#
......+.........# #.....#
###...####......###########.....#
#..............................
#...####.####################.<
#.>.'.....°.○E@................
#...####.......................
##...# ######################..
######.# ##. ...# #.# ###.
...###.# ######### #... .†...#.#
#.......# #... ...#.#)# #.......#
#... ...#.#.###.......# #...


You could see a fire elemental.

Vanquished Creatures
  An ogre (D:4)
  A scorpion (D:3)
  A bullfrog skeleton (D:4)
  A hound (D:4)
  An iguana (D:3)
  A gnoll (D:1)
  6 adders
  4 worms
  4 dart slugs
  An orc (D:4)
  10 endoplasms
  9 giant cockroaches
  5 hobgoblins
  4 jackals (D:1)
  3 quokkas
  10 ball pythons
  6 bats
  A frilled lizard (D:2)
  10 goblins
  5 kobolds
  4 rats
88 creatures vanquished.

Notes
Turn   | Place    | Note
-------+----------+-------------------------------------------
     0 | D:1      | Exodus22XD the Minotaur Fighter began the quest for the
                  | Orb.
     0 | D:1      | Reached XP level 1. HP: 19/19 MP: 0/0
    38 | D:1      | Reached XP level 2. HP: 18/27 MP: 1/1
   238 | D:1      | Reached XP level 3. HP: 33/33 MP: 2/2
   644 | D:1      | You fall into a shaft and drop 1 floor!
   832 | D:1      | Reached XP level 4. HP: 40/40 MP: 3/3
  1115 | D:2      | Found a faded altar of an unknown god.
  1125 | D:2      | Prayed at the altar of an unknown god.
  1125 | D:2      | Became a worshipper of Ignis, the Dying Flame
  1172 | D:2      | Found a blossoming altar of Fedhas.
  1553 | D:3      | Found a bloodstained altar of Trog.
  1642 | D:3      | Noticed a scorpion
  1651 | D:3      | Killed a scorpion
  1652 | D:3      | Reached skill level 5 in Armour
  1652 | D:3      | Reached XP level 5. HP: 36/47 MP: 4/4
  1928 | D:3      | Found a snail-covered altar of Cheibriados.
  2463 | D:4      | Found an iron altar of Okawaru.
  2465 | D:4      | Noticed an ogre
  2471 | D:4      | Killed an ogre
  2472 | D:4      | Reached skill level 5 in Axes
  2472 | D:4      | Reached XP level 6. HP: 55/55 MP: 5/5
  2476 | D:4      | Fell from the grace of Ignis
  2476 | D:4      | Became a worshipper of Warmaster Okawaru
  2603 | D:4      | Noticed a fire elemental
  2603 | D:4      | Noticed a fire elemental
  2626 | D:3      | HP: 2/55 [fire elemental[the fiery vengeance of Ignis]
                  | (10)]
  2627 | D:3      | Mangled by a fire elemental

Illustrated notes

Levels and vault maps discovered:
D:1:      scummos_arrival_simple_fountains, layout_basic,
          hangedman_decor_lopped, hex_medium
D:2:      layout_rooms, shapermc_ecumenical_altar_mp_highgroup, basic_altar
D:3:      layout_basic, lemuel_doored_altar, slow_altar_1, due_unseen_surprise
D:4:      layout_basic, okawaru_trees_1, ebering_ghost_sewer_d, kennysheep_nub,
          st_stairs_8

Skill      XL: |  1  2  3  4  5 |
---------------+----------------+-----
Armour         | 4 5 |  5.7
Fighting       | 4 |  4.9
Shields        | 4 |  4.7
Axes           | 3 4 5 |  5.4
Invocations    | |  0.6

Action                   |  1- 3 |  4- 6 || total
-------------------------+-------+-------++-------
Melee: War axe           |    66 |   134 ||   200
       Headbutt          |    12 |    22 ||    34
Invok: Fiery Armour      |       |     1 ||     1
  Use: Potion            |       |     1 ||     1
Armor: Scale mail        |    45 |    77 ||   122
Dodge: Dodged            |    35 |    70 ||   105
Block: Buckler           |    20 |    20 ||    40
